 Dungeon Crawl Stone Soup version 0.30.1-11-g7821555f0a (webtiles) character file.

Game seed: 4168790879243104539

4354 pkoi the Martial Artist (level 10, -9/74 HPs)
             Began as a Pale Draconian Monk on Nov 3, 2023.
             Was a Priest of Hepliaklqana.
             Shot with an arrow by a centaur warrior (22 damage)
             ... on level 8 of the Dungeon.
             The game lasted 00:13:03 (7501 turns).

pkoi the Martial Artist (Pale Draconian Monk)       Turns: 7501, Time: 00:13:03

Health: -9/74      AC: 11    Str: 13    XL:     10   Next: 12%
Magic:  10/10      EV: 21    Int:  9    God:    Hepliaklqana [***...]
Gold:   646        SH:  0    Dex: 21    Spells: 9/9 levels left

rFire   . .          .
                       - Unarmed
rCold   + . .        b - orb {light}
rNeg    . . .        (body armour unavailable)
rPois   +            (helmet restricted)
rElec   .            g - +0 cloak
rCorr   +            y - +0 pair of gloves
SInv    .            n - +1 pair of boots
Will    .....        o - amulet "Nuckynuch" {Faith rCorr Int-4 Dex+3 Slay+4}
Stlth   +            q - ring of poison resistance
HPRegen 0.32/turn    f - +5 ring of evasion
MPRegen 0.12/turn

%: faith
@: glowing
A: reduced essence, breathe steam, AC +7, unfitting armour, cold-blooded, steam
resistance, agile 1, cold resistance 1
a: Breathe Steam, Renounce Religion, Recall Ancestor, Ancestor Identity,
Transference


You were on level 8 of the Dungeon.
You worshipped Hepliaklqana.
Hepliaklqana was most pleased with you.
You visited 2 branches of the dungeon, and saw 9 of its levels.
You also visited: Ossuary.

You collected 906 gold pieces.
You spent 260 gold pieces at shops.

Inventory:

Hand Weapons
 k - a +0 dagger of speed
 l - a +0 dagger
Missiles
 m - 9 boomerangs (quivered)
 p - 8 throwing nets
Armour
 b - an orb of light (worn)
 g - a +0 cloak (worn)
 n - a +1 pair of boots (worn)
 y - a +0 pair of gloves (worn)
Jewellery
 c - a ring of positive energy
 f - a +5 ring of evasion (right hand)
 o - the amulet "Nuckynuch" (around neck) {Faith rCorr Int-4 Dex+3 Slay+4}
   (You acquired it on level 4 of the Dungeon)

   [amulet of faith]

   It allows you to gain divine favour quickly.
   Int:       It affects your intelligence (-4).
   Dex:       It affects your dexterity (+3).
   Slay:      It affects your accuracy & damage with ranged weapons and melee
   (+4).
   rCorr:     It protects you from acid and corrosion.
 q - a ring of poison resistance (left hand)
 w - an amulet of regeneration
 E - an amulet of guardian spirit
Wands
 r - a wand of quicksilver (5)
Scrolls
 h - 4 scrolls of amnesia
 i - a scroll of identify
 u - a scroll of poison
 v - 4 scrolls of magic mapping
 D - 2 scrolls of teleportation
Potions
 a - 2 potions of ambrosia
 d - a potion of curing
 e - 3 potions of flight
 j - 3 potions of resistance
 s - 3 potions of might
 x - 3 potions of heal wounds
 z - a potion of brilliance
 A - a potion of berserk rage
 B - 2 potions of cancellation
 C - a potion of haste
 F - 2 potions of lignification
 G - a potion of invisibility


   Skills:
 - Level 6.0 Fighting
 - Level 6.0 Dodging
 - Level 3.0 Stealth
 + Level 12.6 Unarmed Combat


You had 9 spell levels left.
You didn't know any spells.
Your spell library contained the following spells:

 Spells                   Type           Power      Damage    Failure   Level
 Necrotise                Necr           0%         1d4       38%         1
 Slow                     Hex            0%         N/A       38%         1
 Cigotuvi's Dreadful Rot  Necr/Pois/Air  0%         N/A       52%         2
 Confusing Touch          Hex            0%         N/A       77%         3
 Vampiric Draining        Necr           0%         2d6       77%         3
 Dispel Undead            Necr           0%         3d6       99%         4
 Agony                    Necr           0%         N/A       100%        5
 Death Channel            Necr           0%         N/A       100%        6


Dungeon Overview and Level Annotations

Branches:
Dungeon (8/15)             Temple (1/1) D:5            Lair (0/5) D:8
Ossuary (visited)

Altars:
Ashenzari
Cheibriados
Dithmenos
Elyvilon
Fedhas
Gozag
Hepliaklqana
Kikubaaqudgha
Makhleb
Nemelex Xobeh
Okawaru
Qazlal
Sif Muna
Trog
Uskayaw
Vehumet
Wu Jian
Xom
Yredelemnul
Zin
The Shining One

Shops:
D:1 (   D:5 ![


Innate Abilities, Weirdness & Mutations

Your life essence is reduced to manifest your ancestor. (-10% HP)
You can breathe blasts of scalding, opaque steam.
Your pale cyan-grey scales are hard. (AC +7)
You cannot fit into any form of body armour.
You are cold-blooded and may be slowed by cold attacks.
You are immune to the effects of steam.
You are agile. (Dex +4, Str/Int -1)
Your flesh is cold resistant. (rC+)


Message History

An orc comes into view. It is wielding a +0 dagger.
Lonnie hits the orc wizard with a +0 dagger of draining.
The orc knight roars a battlecry!
The orcs go into a battle-frenzy!
The orc wizard hits Lonnie with a +0 dagger.
Lonnie casts a spell at the orc wizard.
The orc wizard appears confused.
The orc wizard closely misses Lonnie.
Lonnie hits the orc wizard with a +0 dagger of draining.
Lonnie drains the orc wizard.
Lonnie hits the orc wizard with a +0 dagger of draining.
The orc wizard dies!
Lonnie gestures at the orc while chanting.
The orc struggles to resist.
Things that are here:
a +0 war axe; a +1 chain mail of fire resistance An orc comes into view.
It is wielding a +0 short sword.
Lonnie hits the orc with a +0 dagger of draining!
The orc dies!
A vampire mosquito comes into view.
You have got your breath back.
A centaur warrior comes into view.
The centaur warrior shouts!
The centaur warrior wields a +0 longbow.
The centaur warrior shoots an arrow.
The arrow hits you!
The centaur warrior shoots an arrow.
The arrow misses you.
The centaur warrior shoots an arrow.
The arrow misses you.
The centaur warrior shoots an arrow.
The arrow hits you!
A centaur comes into view.
The centaur warrior shoots an arrow.
The arrow hits you!
The centaur warrior shoots an arrow.
The arrow hits you!
* * * LOW HITPOINT WARNING * * *
The centaur wields a +0 shortbow.
The centaur shoots an arrow.
The arrow completely misses you.
The centaur warrior shoots an arrow.
The arrow hits you!
* * * LOW HITPOINT WARNING * * *
The centaur warrior shoots an arrow.
The arrow barely misses you.
The centaur shoots an arrow.
The arrow barely misses you.
The centaur warrior shoots an arrow.
The arrow hits you!!
You die...

.....#,###'###.#.#,***,#.#o......
.......+.§§§))...+,*,+,#.........
.....#.###§###.#.#,***,#.#R##....
.....#.#§§§R§#.#,#,,,,,#.#.##....
###..#.#+###'#.#.#######.#.##....
**,#.....R...#......o..#..#....
*.#####.#########.#####.......
#....................o..#.....
###.....##.c.@.##.....####....
#.....##.c#####.....# #....
****#.....##..## ####### #....
#*,,*#..........# #....
#,,,,#..........# #....
#,,,,+..........# #....
#****############ #.... #####


You could see a centaur warrior, a centaur and an orc.

Vanquished Creatures
  A kobold demonologist (D:8)
  A shadow (D:8)
  A basilisk (D:8)
  2 ice beasts
  A sky beast (D:6)
  2 orc warriors (D:7)
  2 black bears
  An ogre (D:6)
  A centaur (D:8)
  A phantom (D:5)
  2 gnoll sergeants (D:5)
  4 wights (D:8)
  2 scorpions
  6 killer bees
  A howler monkey (D:8)
  10 orc priests
  8 hounds
  3 iguanas
  2 jellies
  2 gnoll boudas (D:5)
  6 orc wizards
  5 mummies (Ossuary)
  Robin (D:3)
  25 gnolls
  15 adders
  2 shadow imps
  A white imp (D:7)
  An ufetubus (D:5)
  2 worms (D:2)
  4 dart slugs
  27 orcs
  10 ball pythons
  6 endoplasms
  4 giant cockroaches
  8 hobgoblins
  5 jackals
  5 quokkas
  3 bats
  10 frilled lizards
  14 goblins
  A hobgoblin zombie (Ossuary)
  2 jackal zombies (D:8)
  10 kobolds
  3 kobold zombies (Ossuary)
  3 rats (D:2)
226 creatures vanquished.

Vanquished Creatures (collateral kills)
  Prince Ribbit (D:6)
  A water moccasin (D:6)
  An orc warrior (D:8)
  A gnoll sergeant (D:5)
  A killer bee (D:7)
  3 orc priests
  An iguana (D:6)
  An orc wizard (D:8)
  3 mummies (Ossuary)
  A gnoll (D:5)
  5 orcs
  A gnoll zombie (Ossuary)
  A hobgoblin zombie (Ossuary)
  A kobold zombie (Ossuary)
  An orc zombie (Ossuary)
23 creatures vanquished.

Vanquished Creatures (others)
  A human (D:6)
  2 hexers
  A goblin (D:3)
4 creatures vanquished.

Grand Total: 253 creatures vanquished

Notes
Turn   | Place    | Note
-------+----------+-------------------------------------------
     0 | D:1      | pkoi the Draconian Monk began the quest for the Orb.
     0 | D:1      | Reached XP level 1. HP: 19/19 MP: 1/1
    24 | D:1      | Found Gumei's Antique Weapon Boutique.
   335 | D:1      | Reached XP level 2. HP: 24/26 MP: 2/2
   482 | D:1      | Reached skill level 4 in Unarmed Combat
   743 | D:2      | Reached XP level 3. HP: 31/31 MP: 3/3
  1031 | D:2      | Gained mutation: You sometimes lose your temper in combat.
                  | [potion of mutation]
  1172 | D:2      | Reached XP level 4. HP: 38/38 MP: 4/4
  1362 | D:2      | Reached skill level 5 in Unarmed Combat
  1670 | D:3      | Lost mutation: You sometimes lose your temper in combat.
                  | [potion of mutation]
  1670 | D:3      | Gained mutation: Your flesh is cold resistant. (rC+)
                  | [potion of mutation]
  1670 | D:3      | Gained mutation: You are agile. (Dex +4, Str/Int -1)
                  | [potion of mutation]
  1736 | D:3      | Noticed Robin
  1770 | D:3      | Killed Robin
  1814 | D:3      | Found a hide-covered altar of Uskayaw.
  1826 | D:3      | Reached XP level 5. HP: 35/45 MP: 5/5
  1997 | D:3      | Reached skill level 6 in Unarmed Combat
  2467 | D:4      | Noticed a black bear
  2477 | D:4      | Killed a black bear
  2478 | D:4      | Reached skill level 7 in Unarmed Combat
  2478 | D:4      | Reached XP level 6. HP: 43/51 MP: 6/6
  3030 | D:4      | Identified a scroll of acquirement
  3358 | D:4      | Reached skill level 8 in Unarmed Combat
  3358 | D:4      | Your scales start taking on a pale cyan-grey colour.
  3358 | D:4      | Reached XP level 7. HP: 57/57 MP: 7/7
  3358 | D:4      | Gained mutation: You are immune to the effects of steam.
                  | [Pale Draconian growth]
  3597 | D:5      | Entered Level 5 of the Dungeon
  3943 | D:5      | Reached skill level 9 in Unarmed Combat
  4168 | D:5      | Reached XP level 8. HP: 23/63 MP: 8/8
  4318 | D:5      | Identified the +5 quarterstaff of Evil {drain, rN+ Str+4}
  4351 | D:5      | Reached skill level 10 in Unarmed Combat
  4576 | D:5      | Found Muijeoc's Armour Boutique.
  4600 | D:5      | Acquired the amulet "Nuckynuch" {Faith rCorr Int-4 Dex+3
                  | Slay+4}
  4728 | D:5      | Found a staircase to the Ecumenical Temple.
  4738 | Temple   | Entered the Ecumenical Temple
  4967 | Temple   | Became a worshipper of Hepliaklqana the Forgotten
  4967 | Temple   | Reached * piety under Hepliaklqana
  4967 | Temple   | Reached ** piety under Hepliaklqana
  4968 | Temple   | Remembered your ancestor Lonnie as a hexer
  5062 | D:5      | Found Vivo's Distillery.
  5093 | D:5      | Bought a potion of degeneration for 13 gold pieces
  5093 | D:5      | Bought a potion of heal wounds for 65 gold pieces
  5093 | D:5      | Bought a potion of heal wounds for 65 gold pieces
  5093 | D:5      | Bought a potion of brilliance for 52 gold pieces
  5093 | D:5      | Bought a potion of berserk rage for 65 gold pieces
  5331 | D:6      | Found a basalt altar of Yredelemnul.
  5350 | D:6      | Found a white marble altar of Elyvilon.
  5353 | D:6      | Found a burning altar of Makhleb.
  5639 | D:6      | Found an ancient bone altar of Kikubaaqudgha.
  5652 | D:6      | Reached skill level 5 in Fighting
  5673 | D:6      | Noticed Prince Ribbit
  5687 | D:6      | Killed Prince Ribbit
  5688 | D:6      | Reached XP level 9. HP: 58/66 MP: 9/9
  5760 | D:6      | Reached skill level 11 in Unarmed Combat
  6156 | D:7      | Reached skill level 5 in Dodging
  6168 | D:7      | Reached skill level 1 in Stealth
  6275 | D:7      | You fall into a shaft and drop 1 floor!
  6275 | D:8      | Reached *** piety under Hepliaklqana
  6453 | D:8      | Found a sand-covered staircase.
  6463 | Ossuary  | Entered an ossuary
  6839 | D:8      | Noticed an orc knight
  6850 | D:8      | Found a staircase to the Lair.
  6852 | D:8      | Noticed a komodo dragon
  7341 | D:8      | Reached skill level 12 in Unarmed Combat
  7464 | D:8      | Noticed a kobold demonologist
  7466 | D:8      | Reached XP level 10. HP: 74/74 MP: 10/10
  7496 | D:8      | Noticed a centaur warrior
  7501 | D:8      | Shot with an arrow by a centaur warrior

Illustrated notes

Levels and vault maps discovered:
D:1:      wander_arrival_desolate, layout_basic, serial_shops, shop
D:2:      layout_loops_cross, minmay_circle_x
D:3:      layout_loops_ring, eat_drink_and_be_merry_uskayaw, uniq_robin
D:4:      layout_basic, minmay_misc_feat_hallway
D:5:      layout_cave_pools, minmay_temple_entry_sparse_star, serial_gnoll_camp,
          gnoll_camp_medium_01, gnoll_camp_mini_shop, gnoll_camp_huts_basic,
          gnoll_camp_mini_loothouse, gnoll_camp_mini_shop,
          minmay_misc_feat_rugged, chequers_serial_rivers_small_b,
          serial_bayou_crossing
D:6:      layout_gridville, tgw_kikubaaqudgha, grunt_temple_overflow_open,
          uniq_prince_ribbit1
D:7:      layout_basic, minmay_misc_feat_iff
D:8:      layout_gridville, david_lair_shrubbed, enter_ossuary_3,
          minmay_the_grid_2x2 [minmay_the_grid_doors, minmay_the_grid_armoury,
          minmay_the_grid_plusring, minmay_the_grid_prize_shrinking_boxes],
          uniq_erica
Temple:   compressed_dpeg_triangle_lava_temple

Skill      XL: |  1  2  3  4  5  6  7  8  9 |
---------------+----------------------------+-----
Unarmed Combat | 4 5 7 8 9 10 12 | 12.6
Dodging        | 4 6 |  6.0
Fighting       | 5 6 |  6.0
Stealth        | 3 |  3.0

Action                     |  1- 3 |  4- 6 |  7- 9 | 10-12 || total
---------------------------+-------+-------+-------+-------++-------
  Melee: Unarmed           |    99 |   199 |   363 |     5 ||   666
         Tailslap          |    14 |    41 |    63 |       ||   118
         Punch             |       |       |     7 |       ||     7
 Invoke: Ancestor Life: He |       |       |     1 |       ||     1
         Ancestor Identity |       |       |     1 |       ||     1
         Recall Ancestor   |       |       |     3 |       ||     3
Ability: Breathe Steam     |       |       |     2 |     1 ||     3
    Use: Scroll            |     4 |     6 |     9 |       ||    19
         Potion            |     2 |     1 |     1 |       ||     4
   Stab: Confused          |       |       |    13 |       ||    13
         Distracted        |       |       |     4 |       ||     4
         Sleeping          |       |       |     2 |       ||     2
 Armour: Skin              |    30 |    58 |    68 |     1 ||   157
  Dodge: Dodged            |    67 |   150 |   319 |     9 ||   545
